 Dungeon Crawl Stone Soup version 0.21-a0-274-gc1afaeb (webtiles) character file.

8575 MirrMurr the Basher (level 11, 0/72 HPs)
             Began as a Kobold Berserker on Sept 18, 2017.
             Was a Priest of Trog.
             Slain by a death yak (5 damage)
             ... on level 9 of the Dungeon.
             The game lasted 00:27:14 (10597 turns).

MirrMurr the Basher (Kobold Berserker)             Turns: 10597, Time: 00:27:15

Health: 0/72       AC: 14    Str: 18    XL:     11   Next: 58%
Magic:  11/11      EV: 11    Int:  8    God:    Trog [***...]
Gold:   612        SH:  4    Dex: 15    Spells: 10/10 levels left

rFire    . . .     SeeInvis .   a - +3 mace (crush)
rCold    + . .     Gourm    .   X - +0 buckler (curse)
rNeg     . . .     Faith    .   f - +0 plate armour
rPois    +         Spirit   .   s - +0 helmet
rElec    .         Reflect  .   i - +1 cloak
rCorr    .         Harm     .   j - +0 pair of gloves
MR       .....                  (no boots)
Stlth    ..........             (no amulet)
HPRegen  0.22/turn              e - ring of protection from cold
MPRegen  0.12/turn              u - ring of poison resistance

@: berserk cooldown, slowed, very slow
A: carnivore 3
a: Berserk, Trog's Hand, Burn Spellbooks, Renounce Religion


You were on level 9 of the Dungeon.
You worshipped Trog.
Trog was most pleased with you.
You were very full.

You visited 2 branches of the dungeon, and saw 10 of its levels.
You also visited: Ossuary.

You collected 612 gold pieces.

Inventory:

Hand Weapons
 a - a +3 mace of crushing (weapon)
 b - a +0 hunting sling
 B - a +0 blowgun
Missiles
 m - 312 stones
 o - 34 poisoned needles
 z - 5 steel tomahawks
 G - 8 tomahawks of returning (quivered)
 U - 8 curare-tipped needles
Armour
 f - a +0 plate armour (worn)
 i - a +1 cloak (worn)
 j - a +0 pair of gloves (worn)
 s - a +0 helmet (worn)
 X - a cursed +0 buckler (worn)
Jewellery
 e - a ring of protection from cold (left hand)
 u - a ring of poison resistance (right hand)
 A - an uncursed ring of flight
Wands
 g - a wand of iceblast (9/15)
 t - a wand of paralysis (19/24)
 v - a wand of polymorph (3/24)
 y - a wand of iceblast (15/15)
 C - a wand of flame (18/48)
Scrolls
 h - a scroll of identify
 l - 3 scrolls of enchant armour
 q - a scroll of fog
 r - 7 scrolls of remove curse
 F - a scroll of teleportation
 M - a scroll of blinking
 N - 2 scrolls of recharging
Potions
 k - a potion of berserk rage {unknown}
 n - a potion of might {unknown}
 p - 3 potions of flight
 w - 2 potions of curing
 x - 2 potions of invisibility
 D - a potion of degeneration {unknown}
 E - 2 potions of mutation
 H - 2 potions of brilliance {unknown}
 I - 2 potions of magic {unknown}
 J - 3 potions of haste
 L - 2 potions of heal wounds {unknown}
 R - 2 potions of agility {unknown}
Books
 O - a book of Callings

   Spells                             Type                      Level
   a - Summon Small Mammal            Summoning                    1
   b - Call Imp                       Summoning                    2
   c - Call Canine Familiar           Summoning                    3
   d - Summon Guardian Golem          Hexes/Summoning              3
   e - Summon Lightning Spire         Summoning/Air                4
   f - Summon Ice Beast               Ice/Summoning                4
   Trog disapproves of the use of such an item.
Comestibles
 c - 5 meat rations
 d - 9 royal jellies


   Skills:
 + Level 10.2 Fighting
 * Level 11.5 Maces & Flails
 - Level 1.5 Armour
 + Level 10.4 Dodging


You had 10 spell levels left.
You didn't know any spells.

Dungeon Overview and Level Annotations

Branches:
Dungeon (9/15)             Temple (1/1) D:4            Lair (0/6) D:9
    Orc: D:9-12

Altars:
Ashenzari
Cheibriados
Dithmenos
Elyvilon
Fedhas
Gozag
Hepliaklqana
Kikubaaqudgha
Makhleb
Nemelex Xobeh
Okawaru
Qazlal
Ru
Sif Muna
Trog
Uskayaw
Vehumet
Wu Jian
Xom
Yredelemnul
Zin
The Shining One

Shops:
D:5 }

Annotations:
D:7 exclusion: oklob plant


Innate Abilities, Weirdness & Mutations

You are small and have problems with some larger weapons.
You are carnivorous and can eat meat at any time.


Message History

You barely miss the death yak. The death yak gores you.
You hit the death yak but do no damage. The death yak gores you!
You hit the death yak.
The death yak is lightly wounded.
The death yak barely misses you.
You sock the death yak!
The death yak is moderately wounded.
The death yak barely misses you. The death yak gores you!!
You hit the death yak.
The death yak is heavily wounded.
The death yak gores you!
* * * LOW HITPOINT WARNING * * *
You hit the death yak.
The death yak is heavily wounded.
You block the death yak's attack.
Unknown command.
You hit the death yak.
The death yak is severely wounded.
The death yak gores you.
You die...

....(....####...#############..
....#..(.......................
....((......<..................
.......(............#####..†###
............#####...# #...#
........#...# #...# #...#
#####.###...# #...# #...#
#..###...#####...# #...#
..........YY@.....# #...#
#################### #####


You could see 2 death yaks.

Vanquished Creatures
  Erica (D:9)
  2 two-headed ogres (D:8)
  4 death yaks (D:9)
  The ghost of soark the Cleaver, a novice MiFi of Wu Jian (D:8)
  Psyche (D:9)
  The ghost of Mulkerokala the Insei, a novice OpTm of Dithmenos (D:5)
  A hippogriff (D:7)
  The ghost of GordonOverkill the Poker, an amateur GnGl (D:3)
  An orc warrior (D:6)
  A black bear (D:6)
  2 phantoms
  2 ice beasts
  3 ogres
  A big kobold (D:7)
  2 bullfrogs
  3 scorpions
  4 killer bees (D:9)
  A howler monkey (D:7)
  2 crimson imps
  5 hounds
  3 jellies
  A bullfrog zombie (D:6)
  2 orc priests
  A bullfrog skeleton (D:8)
  3 iguanas
  9 orc wizards
  9 worker ants
  2 big kobold zombies (Ossuary)
  A hound zombie (D:8)
  A hound skeleton (D:6)
  8 mummies (Ossuary)
  2 worker ant zombies
  Robin (D:3)
  4 gnolls
  A howler monkey skeleton (D:7)
  5 adders
  3 shadow imps
  An ooze (D:1)
  A worm zombie (D:5)
  3 worms
  An adder skeleton (D:4)
  4 dart slugs
  8 leopard geckos
  28 orcs
  5 giant cockroaches
  12 goblins
  7 hobgoblins
  7 jackals
  4 quokkas
  8 bats
  5 frilled lizards
  A gnoll zombie (Ossuary)
  2 hobgoblin zombies (Ossuary)
  A jackal skeleton (D:4)
  A jackal zombie (D:5)
  9 kobolds
  2 kobold zombies (Ossuary)
  An orc zombie (Ossuary)
  8 rats
214 creatures vanquished.

Notes
Turn   | Place    | Note
-------+----------+-------------------------------------------
     0 | D:1      | MirrMurr the Kobold Berserker began the quest for the Orb.
     0 | D:1      | Reached XP level 1. HP: 14/14 MP: 1/1
   122 | D:1      | Reached skill level 3 in Maces & Flails
   122 | D:1      | Reached XP level 2. HP: 14/19 MP: 2/2
   246 | D:1      | Reached XP level 3. HP: 20/23 MP: 3/3
   749 | D:1      | Reached ** piety under Trog
   851 | D:2      | Reached XP level 4. HP: 19/29 MP: 4/4
  1396 | D:2      | Reached skill level 4 in Maces & Flails
  1396 | D:2      | Reached XP level 5. HP: 33/33 MP: 5/5
  2038 | D:3      | Noticed GordonOverkill's ghost (amateur GnGl)
  2104 | D:3      | Killed GordonOverkill's ghost
  2104 | D:3      | Reached XP level 6. HP: 9/39 MP: 6/6
  2521 | D:3      | Found a faded altar of an unknown god.
  2586 | D:3      | Reached skill level 5 in Maces & Flails
  2650 | D:3      | Noticed Robin
  2669 | D:3      | Killed Robin
  2673 | D:3      | Reached *** piety under Trog
  3080 | D:4      | Reached XP level 7. HP: 42/44 MP: 7/7
  3088 | D:4      | Reached skill level 5 in Fighting
  3813 | D:4      | Reached skill level 6 in Maces & Flails
  3813 | D:4      | Reached skill level 5 in Dodging
  3813 | D:4      | Reached XP level 8. HP: 22/51 MP: 8/8
  4085 | D:4      | Reached **** piety under Trog
  4474 | D:4      | Found a staircase to the Ecumenical Temple.
  4480 | Temple   | Entered the Ecumenical Temple
  4577 | D:5      | Entered Level 5 of the Dungeon
  5173 | D:5      | Found Ymuq's Quality Used Wands.
  5234 | D:5      | Found a sand-covered staircase.
  5250 | Ossuary  | Entered an ossuary
  5663 | Ossuary  | Reached skill level 7 in Maces & Flails
  6026 | D:5      | Noticed Mulkerokala's ghost (novice OpTm)
  6036 | D:5      | Killed Mulkerokala's ghost
  6036 | D:5      | Reached XP level 9. HP: 56/56 MP: 9/9
  6421 | D:6      | Reached skill level 8 in Maces & Flails
  6549 | D:6      | Reached ***** piety under Trog
  6654 | D:6      | Found a hide-covered altar of Uskayaw.
  6654 | D:6      | Found an ancient bone altar of Kikubaaqudgha.
  7062 | D:6      | Found a hazy altar of Hepliaklqana.
  7459 | D:7      | Noticed a hippogriff
  7466 | D:7      | Killed a hippogriff
  7488 | D:7      | Received a gift from Trog
  7488 | D:7      | Reached skill level 9 in Maces & Flails
  7488 | D:7      | Reached XP level 10. HP: 49/64 MP: 10/10
  7852 | D:7      | Found a white marble altar of Elyvilon.
  7853 | D:7      | Noticed an oklob plant
  8550 | D:8      | Noticed soark's ghost (novice MiFi)
  8572 | D:8      | Killed soark's ghost
  8704 | D:8      | Noticed a two-headed ogre
  8717 | D:8      | Killed a two-headed ogre
  8717 | D:8      | Reached skill level 10 in Maces & Flails
  8784 | D:8      | Noticed a two-headed ogre
  8798 | D:8      | Killed a two-headed ogre
  9182 | D:8      | Found a white marble altar of Elyvilon.
  9514 | D:9      | Noticed Erica
  9556 | D:9      | Noticed a death yak
  9630 | D:9      | Identified a scroll of acquirement
  9631 | D:9      | Got a twisted lajatang
  9649 | D:9      | Identified the +1 lajatang "Ofor" {antimagic, rN+ Stlth+} (You acquired it on level 9 of the Dungeon)
  9691 | D:9      | Noticed Psyche
  9704 | D:9      | Killed Psyche
  9797 | D:9      | Noticed a death yak
  9798 | D:9      | Noticed a death yak
  9816 | D:9      | Noticed a death yak
  9816 | D:9      | Noticed a death yak
  9819 | D:9      | Killed a death yak
  9819 | D:9      | Reached XP level 11. HP: 71/71 MP: 11/11
  9820 | D:9      | Noticed a death yak
  9838 | D:9      | Noticed a death yak
 10246 | D:9      | Killed a death yak
 10246 | D:9      | Reached skill level 11 in Maces & Flails
 10255 | D:9      | Killed a death yak
 10255 | D:9      | Reached skill level 10 in Dodging
 10534 | D:9      | Found a staircase to the Lair.
 10578 | D:9      | Killed a death yak
 10578 | D:9      | Reached skill level 10 in Fighting
 10589 | D:9      | Killed Erica
 10597 | D:9      | Slain by a death yak

Vault maps used:
D:1:      dpeg_arrival_arbitrary_a
D:2:      first_bread
D:3:      chequers_ecumenical_altar_simple, uniq_robin
D:4:      minmay_temple_entry_fiery
D:5:      enter_ossuary_3, nicolae_for_you_no_charge
D:6:      black_bear_nest_2, kennysheep_mini_moat, grunt_temple_overflow_open
D:7:      lemuel_oklob_altar
D:8:      elyvilon_altar_1, st_stairs_6
D:9:      dpeg_lair_monsters, grunt_livestock, uniq_erica, uniq_psyche
Temple:   nicolae_temple_no_exploring_needed
Ossuary:  ossuary_tomb_3

Skill      XL: |  1  2  3  4  5  6  7  8  9 10 11 |
---------------+----------------------------------+-----
Maces & Flails | 3 4 5 6 7 9 10 11 | 11.5
Fighting       | 4 5 6 7 9 10 | 10.2
Dodging        | 3 4 5 6 7 9 10 | 10.4
Armour         | |  1.5

Action                   |  1- 3 |  4- 6 |  7- 9 | 10-12 || total
-------------------------+-------+-------+-------+-------++-------
Melee: Mace              |   101 |   146 |   347 |   206 ||   800
 Fire: Hunting sling     |       |    69 |   162 |    71 ||   302
Invok: Berserk           |       |     5 |     6 |     6 ||    17
       Trog's Hand       |       |     1 |       |     3 ||     4
  Use: Scroll            |       |     5 |    10 |    10 ||    25
  Eat: Chunk             |     8 |    12 |    19 |    15 ||    54
Armor: Animal skin       |     2 |       |       |       ||     2
       Leather armour    |     7 |       |       |       ||     7
       Plate armour      |    56 |   113 |   175 |   111 ||   455
Dodge: Dodged            |    63 |    73 |   147 |   122 ||   405
Block: Buckler           |       |       |       |    37 ||    37

Table legend:
 A = Spawn XP
 B = Non-spawn XP
 C = Spawn XP percentage of total XP
 D = Spawn monster count
 E = Non-spawn monster count
 F = Spawn count percentage of total count
 G = Total turns spent on level
                    A         B        C        D         E        F      G
               +---------+---------+-------+---------+---------+-------+---------
         Total |       0 |   12251 |   0.0 |       0 |     214 |   0.0 | 10597
               +---------+---------+-------+---------+---------+-------+---------
           D:1 |       0 |      52 |   0.0 |       0 |      20 |   0.0 |   927
           D:2 |       0 |     104 |   0.0 |       0 |      27 |   0.0 |   948
           D:3 |       0 |     317 |   0.0 |       0 |      21 |   0.0 |  1166
           D:4 |       0 |     725 |   0.0 |       0 |      32 |   0.0 |  1571
           D:5 |       0 |    1059 |   0.0 |       0 |      21 |   0.0 |  1213
           D:6 |       0 |    1020 |   0.0 |       0 |      33 |   0.0 |  1008
           D:7 |       0 |     661 |   0.0 |       0 |      13 |   0.0 |   838
           D:8 |       0 |    2913 |   0.0 |       0 |      14 |   0.0 |  1592
           D:9 |       0 |    5199 |   0.0 |       0 |      17 |   0.0 |   747
       Ossuary |       0 |     201 |   0.0 |       0 |      16 |   0.0 |   585
               +---------+---------+-------+---------+---------+-------+---------
